 Dungeon Crawl Stone Soup version 0.29.0-4-gdea44cf6ec (webtiles) character file.

Game seed: 6492279983532200021

161 qw the Chopper (level 5, -9/30 HPs)
             Began as a Tengu Warper on Aug 28, 2022.
             Killed from afar by a steam dragon (12 damage)
             ... with a ball of steam
             ... on level 3 of the Dungeon.
             The game lasted 00:00:17 (2962 turns).

qw the Chopper (Tengu Warper)                       Turns: 2962, Time: 00:00:17

Health: -9/30      AC:  6    Str: 13    XL:     5   Next: 42%
Magic:  9/9        EV: 13    Int: 14    God:
Gold:   180        SH:  0    Dex: 13    Spells: 8/8 levels left

rFire   . . .      SeeInvis .   Y - +4 hand axe
rCold   + . .      Faith    .   (no shield)
rNeg    . . .      Spirit   .   g - +0 ring mail
rPois   .          Reflect  .   (helmet restricted)
rElec   .          Harm     .   (no cloak)
rCorr   .          Rampage  .   b - +0 pair of gloves
Will    .....                   (boots unavailable)
Stlth   +.........              (no amulet)
HPRegen 0.10/turn               j - ring of protection from cold
MPRegen 0.11/turn               (no ring)

@: about to teleport, flying quickly and evasively, quick
A: beak, talons 3, nimble flight
a: no special abilities


You were on level 3 of the Dungeon.
You visited 1 branch of the dungeon, and saw 3 of its levels.

You collected 180 gold pieces.


Innate Abilities, Weirdness & Mutations

You have a beak for a mouth.
You have claws for feet.
Your magical nature lets you fly swiftly and evasively.


   Skills:
 - Level 2.0 Fighting
 + Level 6.0 Axes
 - Level 1.0 Throwing
 - Level 1.1 Armour
 - Level 2.1 Dodging
 - Level 2.0 Spellcasting
 - Level 2.4 Translocations


You had 8 spell levels left.
You didn't know any spells.
Your spell library contained the following spells:

 Spells                   Type           Power      Damage    Failure   Level
 Blink                    Tloc           16%        N/A       28%         2
 Gell's Gravitas          Tloc           8%         N/A       50%         3
 Lesser Beckoning         Tloc           8%         N/A       50%         3
 Teleport Other           Tloc           8%         N/A       50%         3
 Manifold Assault         Tloc           8%         N/A       99%         5

Inventory:

Hand Weapons
 d - a +0 flail
 Y - a +4 hand axe (weapon)
Missiles
 h - a boomerang (quivered)
Armour
 a - a +0 scale mail
 b - a +0 pair of gloves (worn)
 g - a +0 ring mail (worn)
 k - a +0 chain mail
Jewellery
 j - a ring of protection from cold (left hand)
Scrolls
 c - 2 scrolls of identify
 p - 2 scrolls of poison {unknown}
Potions
 e - 2 potions of curing
 f - a potion of haste {unknown}
 l - 2 potions of might
 m - a potion of lignification {unknown}
 n - a potion of berserk rage {unknown}
 o - a potion of mutation {unknown}

Dungeon Overview and Level Annotations

Branches:
Dungeon (3/15)

Altars:
Xom


Message History

Found a spear.
You now have 180 gold pieces (gained 11).
You see here a worm corpse.
Things that are here:
a +0 club; an adder corpse; a goblin corpse
There is an open door here.
You reach down and open the door.
There is an open door here.
An orc, a steam dragon and a kobold come into view.
The orc shouts!
The steam dragon hisses angrily.
The kobold shouts!
The steam dragon breathes steam at you.
The ball of steam hits the kobold!!
The kobold dies!
The ball of steam hits you!!
Ouch! That really hurt!
The orc moves out of view.
The steam dragon moves out of view.
2952 ||| Stepping ~*~*~tactically~*~*~ (cloud).
There is an open door here.
You start resting.
2955 ||| FLEEEEING.
You barely miss the steam dragon.
The steam dragon bites you but does no damage.
The steam dragon closely misses you.
You hit the steam dragon.
The steam dragon is lightly wounded.
The steam dragon bites you but does no damage.
The steam dragon claws you.
2960 ||| READING scroll of teleportation.
As you read the scroll of teleportation, it crumbles to dust.
You feel strangely unstable. The steam dragon bites you.
The steam dragon barely misses you.
You closely miss the steam dragon.
You claw the steam dragon, but do no damage.
The steam dragon is lightly wounded.
The steam dragon closely misses you. The steam dragon claws you.
You closely miss the steam dragon. Your peck misses the steam dragon.
The steam dragon is lightly wounded.
The steam dragon breathes steam at you. The ball of steam hits you!
You die...

..#...#......## #...##
.##...##......####...#
.#...####......##...##.#
##...#..##......#...#o.
#...##.%.##........##.#
#...#..#..##.......#D.##
...##.##...##.....##¤o.
...#..#..#..##....#¤.##
..##.##.##...##.@##)..#
..').#(.#).#..##.Do.#
.####################
...# .#.### .#...#
####.# #.# #.#


You could see a steam dragon (catching breath) and an orc.

Vanquished Creatures
  An orc wizard (D:3)
  Robin (D:2)
  5 adders
  A worm (D:3)
  4 dart slugs
  3 orcs (D:3)
  3 endoplasms
  A giant cockroach (D:2)
  8 hobgoblins
  2 jackals (D:1)
  5 kobolds
  A quokka (D:1)
  4 ball pythons
  4 bats
  4 frilled lizards
  15 goblins
  5 rats
67 creatures vanquished.

Vanquished Creatures (others)
  A kobold (D:3)
1 creature vanquished.

Grand Total: 68 creatures vanquished

Notes
Turn   | Place    | Note
-------+----------+-------------------------------------------
     0 | D:1      | qw the Tengu Warper began the quest for the Orb.
     0 | D:1      | Reached XP level 1. HP: 12/12 MP: 4/4
     0 | D:1      | 0 ||| qw: Version: 0.1-a-89-g26bdef1
     0 | D:1      | 0 ||| qw: Game counter: 2670
     0 | D:1      | 0 ||| qw: Always use a shield: true
     0 | D:1      | 0 ||| qw: God list: Okawaru
     0 | D:1      | 0 ||| qw: Allow faded altars: false
     0 | D:1      | 0 ||| qw: Do Orc after D:15 true
     0 | D:1      | 0 ||| qw: Do second Lair branch before Depths: true
     0 | D:1      | 0 ||| qw: Lair rune preference: random
     0 | D:1      | 0 ||| qw: Plans: Normal
     0 | D:1      | 0 ||| PLANNING D:1-11
   379 | D:1      | 379 ||| Stepping ~*~*~tactically~*~*~ (hiding).
   481 | D:1      | 481 ||| Stepping ~*~*~tactically~*~*~ (hiding).
   583 | D:1      | 583 ||| Stepping ~*~*~tactically~*~*~ (hiding).
   593 | D:1      | Reached skill level 3 in Axes
   593 | D:1      | Reached XP level 2. HP: 12/17 MP: 6/6
   756 | D:1      | 756 ||| Stepping ~*~*~tactically~*~*~ (stealth).
   758 | D:1      | 758 ||| Stepping ~*~*~tactically~*~*~ (stealth).
   766 | D:1      | 766 ||| Stepping ~*~*~tactically~*~*~ (stealth).
   767 | D:1      | 767 ||| Stepping ~*~*~tactically~*~*~ (stealth).
   769 | D:1      | 769 ||| Stepping ~*~*~tactically~*~*~ (stealth).
  1193 | D:1      | 1193 ||| UPGRADING to +0 ring mail.
  1203 | D:1      | 1203 ||| DROPPING +0 leather armour.
  1204 | D:1      | 1204 ||| DROPPING orb of light.
  1205 | D:1      | 1205 ||| UPGRADING to ring of protection from cold.
  1206 | D:1      | 1206 ||| READING scroll labelled LUNEOWN PUTSEB.
  1207 | D:1      | 1207 ||| READING scroll labelled TYMOUSM LUIWN.
  1208 | D:1      | 1208 ||| READING scroll labelled HUMUGETHROST.
  1213 | D:1      | 1213 ||| READING scroll labelled QODDEN YFEPH.
  1214 | D:1      | 1214 ||| DRINKING 2 green potions.
  1215 | D:1      | 1215 ||| DROPPING scroll of blinking.
  1228 | D:2      | Reached XP level 3. HP: 21/21 MP: 7/7
  1297 | D:2      | Found a faded altar of an unknown god.
  1342 | D:2      | 1342 ||| Stepping ~*~*~tactically~*~*~ (stealth).
  1389 | D:2      | Reached skill level 4 in Axes
  1400 | D:2      | 1400 ||| Stepping ~*~*~tactically~*~*~ (stealth).
  1459 | D:2      | 1459 ||| Stepping ~*~*~tactically~*~*~ (stealth).
  1607 | D:2      | 1607 ||| READING scroll of enchant weapon.
  1607 | D:2      | 1607 ||| ENCHANTING +1 hand axe.
  1664 | D:2      | 1664 ||| Stepping ~*~*~tactically~*~*~ (stealth).
  1670 | D:2      | Noticed Robin
  1671 | D:2      | 1671 ||| Stepping ~*~*~tactically~*~*~ (hiding).
  1680 | D:2      | Reached XP level 4. HP: 25/26 MP: 8/8
  1684 | D:2      | Killed Robin
  1764 | D:2      | 1764 ||| FLEEEEING.
  1765 | D:2      | 1765 ||| FLEEEEING.
  1766 | D:2      | 1766 ||| FLEEEEING.
  1767 | D:2      | 1767 ||| FLEEEEING.
  1768 | D:2      | 1768 ||| FLEEEEING.
  1769 | D:2      | 1769 ||| FLEEEEING.
  1774 | D:2      | 1774 ||| FLEEEEING.
  1775 | D:2      | 1775 ||| FLEEEEING.
  1776 | D:2      | 1776 ||| FLEEEEING.
  1777 | D:2      | 1777 ||| FLEEEEING.
  1778 | D:2      | 1778 ||| STAIRDANCE
  1821 | D:1      | 1821 ||| UPGRADING to +0 pair of gloves.
  1826 | D:1      | 1826 ||| READING scroll labelled ATIPUM MIOH.
  1827 | D:1      | 1827 ||| READING scroll labelled WOITAO DOEL.
  1831 | D:2      | 1831 ||| STAIRDANCE
  1872 | D:2      | Reached skill level 5 in Axes
  2277 | D:2      | 2277 ||| READING 2 scrolls of identify.
  2277 | D:2      | 2277 ||| IDENTIFYING glowing dark potion
  2300 | D:3      | Found a shimmering altar of Xom.
  2334 | D:3      | Gained mutation: Your magical nature lets you fly swiftly
                  | and evasively. [Tengu growth]
  2334 | D:3      | Reached XP level 5. HP: 30/30 MP: 9/9
  2340 | D:3      | 2340 ||| DROPPING +0 whip.
  2349 | D:3      | 2349 ||| DROPPING +2 mace of protection.
  2380 | D:3      | 2380 ||| READING 2 scrolls of enchant weapon.
  2380 | D:3      | 2380 ||| ENCHANTING +2 hand axe.
  2381 | D:3      | 2381 ||| READING scroll of enchant weapon.
  2381 | D:3      | 2381 ||| ENCHANTING +3 hand axe.
  2665 | D:3      | Found a shimmering altar of Xom.
  2665 | D:3      | Found a shimmering altar of Xom.
  2876 | D:3      | 2876 ||| Stepping ~*~*~tactically~*~*~ (stealth).
  2878 | D:3      | 2878 ||| Stepping ~*~*~tactically~*~*~ (stealth).
  2880 | D:3      | 2880 ||| Stepping ~*~*~tactically~*~*~ (hiding).
  2894 | D:3      | Reached skill level 6 in Axes
  2951 | D:3      | Noticed a steam dragon
  2952 | D:3      | 2952 ||| Stepping ~*~*~tactically~*~*~ (cloud).
  2955 | D:3      | 2955 ||| FLEEEEING.
  2959 | D:3      | HP: 6/30 [steam dragon (2)]
  2960 | D:3      | 2960 ||| READING scroll of teleportation.
  2962 | D:3      | Killed from afar by a steam dragon

Levels and vault maps discovered:
D:1:      ebering_trefoil_3fold, layout_loops_ring
D:2:      layout_basic, basic_ecumenical_altar, skrybe_limestone_x,
          nrook_mini_backslash, uniq_robin
D:3:      minmay_razor_zed, layout_basic, xom_redecorated

Skill      XL: |  1  2  3  4  5 |
---------------+----------------+-----
Axes           | 3 4 5 6 |  6.0
Fighting       | |  2.0
Throwing       | |  1.0
Armour         | |  1.1
Dodging        | |  2.1
Spellcasting   | |  2.0
Translocations | |  2.4

Action                   |  1- 3 |  4- 6 || total
-------------------------+-------+-------++-------
Melee: Hand axe          |    61 |    61 ||   122
       Peck              |    11 |     6 ||    17
       Kick              |    11 |    13 ||    24
Throw: Boomerang         |    36 |    25 ||    61
  Use: Scroll            |     5 |     6 ||    11
       Potion            |     1 |       ||     1
Armor: Ring mail         |    11 |    19 ||    30
       Leather armour    |     1 |       ||     1
Dodge: Dodged            |    40 |    36 ||    76

Table legend:
 A = Non-vault XP
 B = Vault XP
 C = Vault XP percentage of total XP
 D = Non-vault monster count
 E = Vault monster count
 F = Vault count percentage of total count
                 A         B        C        D         E       F
            +---------+---------+-------+---------+---------+-------
      Total |     166 |      65 |  28.1 |      49 |      18 |  26.9
            +---------+---------+-------+---------+---------+-------
        D:1 |      30 |       0 |   0.0 |      17 |       0 |   0.0
        D:2 |      70 |      36 |  34.0 |      20 |      11 |  35.5
        D:3 |      66 |      29 |  30.5 |      12 |       7 |  36.8
            +---------+---------+-------+---------+---------+-------
